AoeStats
← Marian

Arena

509632676Analyzed
1v1 RM · 4d ago on Sep 27, 2026· 53m 49s· 2 players
Game mode
Random Map
Map size
Tiny (2 player)
Population
200
Speed
Normal
Resources
Standard
Victory
Conquest
Starting age
Dark Age
Ending age
Imperial Age
RankedLock teamsTeams togetherTeam positionsShared explorationLock speedFull tech treeHidden civsTurbo modeCheats
Victory
Defeat
🇷🇴 Japanese · Romania
563
+15
🇦🇷 Lithuanians · Argentina
538
-15
MarionChip
11:41 Feudal Age
15:37 Castle Age
14:34 Double-Bit Axe
14:32 Horse Collar
16:54 Bow Saw
19:04 Wheelbarrow
21:18 Hand Cart
25:07 Fletching
29:49 Loom
30:01 Gold Mining
30:13 Heavy Plow
38:12 Imperial Age
36:32 Scale Barding Armor
36:37 Forging
37:05 Husbandry
37:15 Bloodlines
38:06 Chain Barding Armor
37:41 Bodkin Arrow
38:19 Cavalier
40:02 Paladin
41:00 Scale Mail Armor
41:38 Iron Casting
40:31 Elite Skirmisher
43:59 Hoardings
44:31 Plate Barding Armor
Marian
11:10 Feudal Age
13:45 Horse Collar
14:09 Double-Bit Axe
17:11 Scale Mail Armor
19:16 Castle Age
21:11 Squires
25:07 Bow Saw
25:01 Heavy Plow
26:31 Padded Archer Armor
26:41 Forging
38:24 Imperial Age
36:58 Husbandry
37:38 Iron Casting
37:09 Scale Barding Armor
37:20 Chain Mail Armor
37:20 Leather Archer Armor
36:56 Fletching
36:38 Elite Skirmisher
38:12 Gold Mining
40:38 Blast Furnace
40:11 Cavalier
40:43 Pikeman
42:52 Ring Archer Armor
42:18 Bodkin Arrow
42:54 Plate Mail Armor
42:46 Murder Holes
43:08 Elite Samurai
46:14 Two-Man Saw
47:21 Chemistry
52:02 Gold Shaft Mining
51:18 Stone Mining
52:07 Chain Barding Armor
51:48 Bracer
Connection lost

Rejoining the realm…

Still unreachable

The connection could not be restored.

Session expired

The server has moved on; the page needs a fresh start.